Unix xNetHack Version 7.1.0 - last build Jul 4 2022 02:09:00 (ec8469f2eb63cac24863ec985b09651f3a72bf9f). Game began 2022-07-07 14:19:23, ended 2022-07-07 14:42:04. Raisse, neutral female gnomish Wizard ------- |.....| #......| #--.---- ## # # ### ## # # # # # # ---|- --- # |...| |.> # |...| |... # |...| |... ## ...<| |.... ## |...| ......# ----- ----- o ###############G# Raisse the Conjurer St:11 Dx:10 Co:16 In:19 Wi:12 Ch:9 Neutral Dlvl:4 $:40 HP:0(33) Pw:41(41) AC:6 Xp:5/313 T:4716 Latest messages: With great effort you move the boulder. You try to move the boulder, but in vain. You try to move the boulder, but in vain. You try to move the boulder, but in vain. You try to move the boulder, but in vain. a - a blessed orcish dagger (weapon in hand) {10}. You can't go up here. There is nothing here to pick up. You see here 56 rocks. a - a blessed orcish dagger (weapon in hand) {10}. Where do you want to travel to? (For instructions type a '?') Where do you want to travel to? (For instructions type a '?') You hear the splashing of a naiad. You pierce the elf zombie. You pierce the elf zombie! You feel more confident in your weapon skills. You gore the elf zombie. The elf zombie scratches you! You are now more skilled in dagger. You destroy the elf zombie! You see here an elf corpse. You jab the elf zombie! The elf zombie turns to flee. You destroy the elf zombie! Where do you want to travel to? (For instructions type a '?') You swap places with the peaceful bat. You descend the stairs. The homunculus bites! The homunculus recoils from your iron orcish dagger! You kill the homunculus! D - a scroll labeled GHOTI {5}. The door opens. You stab the coyote! The coyote just misses! You kill the coyote! You hear a door open. The bugbear swings her curved sword. The bugbear gashes you! You hit the bugbear. The bugbear swings her curved sword. The bugbear hits you! You stab the bugbear! The bugbear swings her curved sword. The bugbear hacks you! You die... Do you want your possessions identified? [ynq] (y) y Do you want to see your attributes? [ynq] (y) q Major events: Turn 1: Raisse the neutral female gnomish Wizard entered the dungeon 542: entered the Gnomish Mines 722: attained the rank of Conjurer (level 3) 2036: reached Mine Town 4716: killed by a bugbear Inventory: Inventory: 503/725 weight (35/52 slots) Coins $ - 40 gold pieces {1} Amulets u - an uncursed silver amulet of life saving {25} Weapons a - a blessed +1 orcish dagger (weapon in hand) {10} i - 2 uncursed +0 orcish daggers (at the ready) {20} k - an uncursed +0 stone orcish dagger {8} o - 3 uncursed +0 arrows {3} p - a cursed +0 orcish bow {30} r - 10 uncursed +0 darts {10} z - 5 uncursed +0 daggers {50} L - an uncursed +0 elven dagger {10} Armor n - an uncursed +0 wooden orcish helm {11} t - an uncursed +0 leather dwarvish cloak {15} B - a blessed +0 pair of silver dwarvish boots (being worn) {42} C - an uncursed +0 cloak of magic resistance (being worn) {8} H - a blessed +0 orcish helm (being worn) {23} Comestibles g - a cursed tripe ration named pc {10} m - 2 uncursed fortune cookies {2} y - an uncursed strange object {5} T - 2 uncursed tripe rations {20} Y - 2 uncursed lichen corpses {40} Scrolls b - an uncursed scroll of confuse monster {5} v - an uncursed scroll of remove curse {5} x - an uncursed scroll of light {5} D - a cursed scroll of create monster {5} W - an uncursed scroll of fire {5} Spellbooks w - an uncursed spellbook of slow monster {35} Potions h - an uncursed potion of blindness {20} A - an uncursed potion of paralysis {20} K - an uncursed potion of restore ability {20} Rings l - an uncursed ring of polymorph {3} Wands G - an uncursed wand of magic missile (0:7) {7} Z - an uncursed wand of polymorph (0:6) {7} Tools j - an uncursed pea whistle {3} q - an uncursed lock pick {4} M - an uncursed magic marker (0:50) {2} Q - an empty uncursed sack {15} Raisse the Wizard's attributes: Background: You were a Conjurer, a level 5 female gnomish Wizard. You were neutral, on a mission for Thoth who was opposed by Ptah (lawful) and Anhur (chaotic). You were bisexual. You were in the Dungeons of Doom, on level 4. You entered the dungeon 4716 turns ago. You had 313 experience points, 7 more were needed to attain level 6. Basics: You had 0 out of 33 hit points. You had all 41 energy points (spell power). Your armor class was 6. Your wallet contained 40 zorkmids. Autopickup was on for '$!?/"=+' plus thrown, with exceptions. Final Characteristics: Your strength was 11 (limit:18/50). Your dexterity was 10 (limit:18). Your constitution was 16 (limit:18). Your intelligence was 19 (limit:19). Your wisdom was 12 (limit:18). Your charisma was 9 (limit:18). Final Status: You were not hungry. You were unencumbered. You were wielding a dagger. You were skilled in dagger. Final Attributes: You were piously aligned. You were magic-protected. You were telepathic. You had infravision. You were warded. You are dead. Miscellaneous: You never encountered a bones level. Total elapsed playing time was 22 minutes and 41 seconds. Vanquished creatures: a rock piercer 2 fog clouds a shrieker 2 elf zombies 4 floating eyes a kitten 2 dwarves 2 homunculi 3 rothes a dwarf zombie 2 iguanas an acid blob a coyote a gas spore 4 hobbits 5 manes 3 hobgoblins 2 cave spiders a yellow mold a red mold 5 gnomes 3 geckos 5 jackals a fox 2 kobolds 7 goblins 5 grid bugs 6 lichens a kobold zombie 5 newts 80 creatures vanquished. No species were genocided or became extinct. Voluntary challenges: You read items or engraved 5 times. You never genocided any monsters. You never polymorphed an object. You never changed form. You never touched an artifact. You used no wishes. You never scared an enemy with impunity. You were celibate. You never generated conflict. Achievements: You entered the Gnomish Mines. You attained the rank of Conjurer. You entered Minetown. You entered a shop. You entered a temple. The Dungeons of Doom: levels 1 to 4 Level 1: Level 2: An altar, some fountains, a grave. Stairs down to The Gnomish Mines. Level 3: A fountain, a tree. Level 4: <- You were here. Final resting place for you, killed by a bugbear. The Gnomish Mines: levels 3 to 8 Level 3: Level 4: Level 5: Level 6: Many shops, a temple, some fountains. Level 7: Level 8: Game over: __________ / \ / REST \ / IN \ / PEACE \ / \ | Raisse | | 40 Au | | killed by a | | bugbear | | | | | | 2022 | *| * * * | * _________)/\\_//(\/(/\)/\//\/|_)_______ Goodbye Raisse the Wizard... You died in The Dungeons of Doom on dungeon level 4 with 1668 points, and 40 pieces of gold, after 4716 moves. You were level 5 with a maximum of 33 hit points when you died.